 Dungeon Crawl Stone Soup version 0.26-a0-966-gd078a86f14 (webtiles) character file.

Game seed: 6359829632840215441

63 Gildeon the Insei (level 4, 0/29 HPs)
             Began as an Octopode Transmuter on Dec 3, 2020.
             Succumbed to Jessica's poison
             ... on level 2 of the Dungeon.
             The game lasted 00:03:05 (855 turns).

Gildeon the Insei (Octopode Transmuter)              Turns: 855, Time: 00:03:06

Health: 0/29       AC:  1    Str: 10    XL:     4   Next: 10%
Magic:  5/7        EV: 13    Int: 15    God:
Gold:   78         SH:  0    Dex: 12    Spells: 1/7 levels left

rFire    . . .     SeeInvis .     - Unarmed
rCold    . . .     Faith    .   (no shield)
rNeg     . . .     Spirit   .   (helmet currently unavailable)
rPois    .         Reflect  .   (no amulet)
rElec    .         Harm     .   (no ring)
rCorr    .         Rampage  .   (no ring)
MR       .....                  (no ring)
Stlth    +++.......             (no ring)
HPRegen  0.09/turn              (no ring)
MPRegen  0.10/turn              (no ring)
                                (no ring)
                                (no ring)

@: lethally poisoned (0 -> -19), appendages (expiring), attractive, invisible
A: almost no armour, stealthy swim, amphibious, 8 rings, constrict 8, tentacle
spike 3, camouflage 1, gelatinous body 1
a: End Transformation


You were on level 2 of the Dungeon.
One of your tentacles had a temporary spike.
You visited 1 branch of the dungeon, and saw 2 of its levels.

You collected 78 gold pieces.

Inventory:

Scrolls
 a - a scroll of fear {unknown}
 b - a scroll of enchant armour {unknown}
 c - 2 scrolls of remove curse {unknown}
 d - a scroll of magic mapping {unknown}
 g - a scroll of enchant weapon {unknown}


   Skills:
 + Level 1.7 Fighting
 + Level 2.4 Dodging
 + Level 1.9 Stealth
 + Level 3.4 Unarmed Combat
 + Level 2.3 Spellcasting
 + Level 2.4 Transmutations


You had one spell level left.
You knew the following spells:

 Your Spells              Type           Power        Failure   Level
a - Beastly Appendage     Tmut           #.....       8%          1
b - Wereblood             Tmut           #.......     12%         2
c - Spider Form           Tmut/Pois      #.........   36%         3

Your spell library contained the following spells:

 Spells                   Type           Power        Failure   Level
 Ice Form                 Ice/Tmut       #.......     78%         4
 Blade Hands              Tmut           #.........   91%         5


Dungeon Overview and Level Annotations

Branches:
Dungeon (2/15)

Altars:

Annotations:
D:2 Robin


Innate Abilities, Weirdness & Mutations

You cannot wear most types of armour.
You are very stealthy in the water. (Stealth+)
You are amphibious.
You can wear up to eight rings at the same time.
You can use your tentacles to constrict eight enemies at once.
Your skin changes colour to match your surroundings (Stealth+).
Your rubbery body absorbs attacks. (AC +1, EV +1)
One of your tentacles bears a large vicious spike.


Message History

Jessica is heavily wounded.
You constrict Jessica. Jessica hits you but does no damage.
You are lethally poisoned!
You tentacle-slap Jessica.
Your tentacle-slap misses Jessica.
Jessica is severely wounded.
Your transformation is almost over.
You constrict Jessica.
You feel sick.
Jessica hits you with a +2 dagger of venom.
* * * LOW HITPOINT WARNING * * *
You are more poisoned.
It was a potion of attraction.
You feel attractive to monsters.
You constrict Jessica.
You kill Jessica!
* * * LOW HITPOINT WARNING * * *
You feel sick.
You have reached level 4!
It was a potion of invisibility.
You fade into invisibility!
You die...

[..........
#....####...#
.......#.
#....####.<.# .).###
#...#......### ##...
#............# ...
#............#
##............####
#####....#......).....
#........#............
#...)@...#............
#........####.........
#........####.........
#....#[...............
#......!..............
#.....................
#.###.....>....######
#. ...............
....>............


There were no monsters in sight!

Vanquished Creatures
  Jessica (D:2)
  Natasha (D:2)
  A leopard gecko (D:1)
  3 goblins (D:2)
  A hobgoblin (D:2)
  2 bats (D:1)
  3 kobolds
12 creatures vanquished.

Notes
Turn   | Place    | Note
-------+----------+-------------------------------------------
     0 | D:1      | Gildeon the Octopode Transmuter began the quest for the
                  | Orb.
     0 | D:1      | Reached XP level 1. HP: 13/13 MP: 3/3
   424 | D:2      | Reached XP level 2. HP: 18/18 MP: 5/5
   480 | D:2      | Noticed Robin
   698 | D:2      | Noticed Natasha
   705 | D:2      | Killed Natasha
   706 | D:2      | Reached skill level 1 in Stealth
   706 | D:2      | Reached XP level 3. HP: 16/23 MP: 6/6
   797 | D:2      | Learned a level 2 spell: Wereblood
   801 | D:2      | Learned a level 3 spell: Spider Form
   844 | D:2      | Noticed Jessica
   854 | D:2      | Killed Jessica
   855 | D:2      | Reached XP level 4. HP: 2/29 MP: 5/7
   855 | D:2      | Succumbed to Jessica's poison

Illustrated notes

Levels and vault maps discovered:
D:1:      minmay_arrival_nine_rooms, layout_basic, hangedman_decor_slide_cut
D:2:      layout_basic, makhleb_heckhound_becter, uniq_jessica, uniq_natasha,
          uniq_robin

Skill      XL: |  1  2 |
---------------+-------+-----
Stealth        | 1 |  1.9
Fighting       | |  1.7
Dodging        | |  2.4
Unarmed Combat | |  3.4
Spellcasting   | |  2.3
Transmutations | |  2.4

Action                   |  1- 3 |  4- 6 || total
-------------------------+-------+-------++-------
Melee: Unarmed           |    20 |       ||    20
       Constrict         |     8 |       ||     8
       Kick              |     3 |       ||     3
       Tentacles         |     6 |       ||     6
 Cast: Beastly Appendage |     3 |       ||     3
  Use: Potion            |     1 |     1 ||     2
 Stab: Sleeping          |     3 |       ||     3
Armor: Skin              |     2 |       ||     2
Dodge: Dodged            |    19 |       ||    19

Table legend: (Time is in decaauts)
 A = Elapsed time spent in this place.
 B = Non-inter-level travel time spent in this place.
 C = Inter-level travel time spent in this place.
 D = Time resting spent in this place.
 E = Time spent auto-exploring this place.
 F = Levels seen in this place.
 G = Mean time per level.
                   A        B        C        D        E       F      G
               +--------+--------+--------+--------+--------+-----+--------+
         Total |    854 |    814 |     40 |    231 |    467 |   2 |  427.0 |
       Dungeon |    854 |    814 |     40 |    231 |    467 |   2 |  427.0 |
               +--------+--------+--------+--------+--------+-----+--------+

Top non-repeatable levels by time:
     D:1: 582 daAuts
     D:2: 272 daAuts
